AoeStats
← Alberto Barbosa

Arabia

510178586Analyzed
1v1 RM · 3d ago on Sep 29, 2026· 46m 21s· 2 players
Game mode
Random Map
Map size
Tiny (2 player)
Population
200
Speed
Normal
Resources
Standard
Victory
Conquest
Starting age
Dark Age
Ending age
Imperial Age
RankedLock teamsTeams togetherTeam positionsShared explorationLock speedFull tech treeHidden civsTurbo modeCheats
Victory
Defeat
🇩🇪 Franks · Germany
957
+14
🇵🇹 Teutons · Portugal
910
-14
Alberto Barbosa
0:33 Loom
12:23 Feudal Age
12:49 Double-Bit Axe
12:50 Town Watch
20:54 Castle Age
21:54 Scale Barding Armor
21:15 Pikeman
24:44 Forging
27:28 Scale Mail Armor
32:29 Horse Collar
38:01 Imperial Age
36:27 Bow Saw
37:14 Iron Casting
36:54 Chain Mail Armor
38:26 Chain Barding Armor
39:21 Bloodlines
38:32 Cavalier
40:44 Halberdier
45:06 Conscription
46:43 Blast Furnace
Spironolacton
6:40 Loom
9:59 Feudal Age
10:39 Double-Bit Axe
22:27 Castle Age
23:46 Wheelbarrow
23:30 Bow Saw
30:59 Scale Barding Armor
31:05 Forging
33:08 Iron Casting
33:11 Chain Barding Armor
40:31 Imperial Age
38:23 Hand Cart
38:32 Padded Archer Armor
38:22 Fletching
40:24 Leather Archer Armor
40:09 Bodkin Arrow
42:15 Chemistry
40:56 Heavy Scorpion
41:21 Cavalier
43:05 Plate Barding Armor
44:47 Blast Furnace
44:56 Paladin
46:04 Gold Mining
Connection lost

Rejoining the realm…

Still unreachable

The connection could not be restored.

Session expired

The server has moved on; the page needs a fresh start.